 Dungeon Crawl Stone Soup version 0.28-a0-909-g796cbd3a86 (webtiles) character file.

Game seed: 11393386239351236435

260 croobank the Insei (level 6, -1/38 HPs)
             Began as an Octopode Transmuter on Nov 24, 2021.
             Slain by an orc (4 damage)
             ... on level 4 of the Dungeon.
             The game lasted 00:15:43 (3759 turns).

croobank the Insei (Octopode Transmuter)            Turns: 3759, Time: 00:15:44

Health: -1/38      AC:  1    Str: 11 (12) XL:     6   Next: 17%
Magic:  8/10       EV: 13    Int: 12 (15) God:
Gold:   123        SH:  0    Dex: 10 (12) Spells: 7/11 levels left

rFire   . . .      SeeInvis .   b - +0 falchion
rCold   . . .      Faith    .   (no shield)
rNeg    . . .      Spirit   .   (helmet currently unavailable)
rPois   .          Reflect  .   (no amulet)
rElec   .          Harm     .   (no ring)
rCorr   .          Rampage  .   (no ring)
Will    .....                   (no ring)
Stlth   +++.......              (no ring)
HPRegen 0.12/turn               (no ring)
MPRegen 0.12/turn               (no ring)
                                (no ring)
                                (no ring)

@: appendages (expiring), wereblooded
A: tentacle spike 3, almost no armour, amphibious, 8 rings, camouflage 1,
gelatinous body 1, (nimble swimmer 1), tentacles
a: End Transformation


You were on level 4 of the Dungeon.
One of your tentacles had grown a beastly spike.
You visited 1 branch of the dungeon, and saw 4 of its levels.

You collected 123 gold pieces.

Inventory:

Hand Weapons
 b - a +0 falchion (weapon)
 d - a +0 dagger
 h - a +0 hand axe
 i - a +2 dagger of draining
Missiles
 a - 124 stones
 e - 29 poisoned darts
 f - 3 javelins
 j - 22 sling bullets
Magical Staves
 k - a staff of cold
Wands
 l - a wand of polymorph (6)
Potions
 g - a potion of mutation {unknown}
 m - a potion of flight {unknown}


   Skills:
 + Level 1.4 Fighting
 + Level 2.8 Long Blades
 + Level 2.6 Dodging
 + Level 2.3 Stealth
 + Level 3.5 Unarmed Combat
 + Level 3.0 Spellcasting
 + Level 3.2 Transmutations


You had 7 spell levels left.
You knew the following spells:

 Your Spells              Type           Power      Damage    Failure   Level
a - Beastly Appendage     Tmut           18%        N/A       6%          1
b - Wereblood             Tmut           9%         N/A       10%         2
c - Summon Small Mammal   Summ           4%         N/A       24%         1

Your spell library contained the following spells:

 Spells                   Type           Power      Damage    Failure   Level
 Spider Form              Tmut/Pois      5%         N/A       36%         3
 Call Canine Familiar     Summ           1%         N/A       58%         3
 Summon Guardian Golem    Hex/Summ       1%         N/A       58%         3
 Ice Form                 Ice/Tmut       5%         N/A       77%         4


Dungeon Overview and Level Annotations

Branches:
Dungeon (4/15)
 Temple: D:4-7

Altars:

Annotations:
D:2 Sigmund
D:3 3 runed translucent doors, sirJeffrey23's ghost, amateur DsGl


Innate Abilities, Weirdness & Mutations

One of your tentacles has grown a beastly spike.
You cannot wear most types of armour.
You are amphibious.
You can wear up to eight rings at the same time.
Your skin changes colour to match your surroundings (Stealth+).
Your rubbery body absorbs attacks. (AC +1, EV +1)
((You are camouflaged near water. (Stealth+)))
You have tentacles for arms and can constrict up to eight enemies at once.


Message History

HP restored.
There is a stone staircase leading down here.
You climb downwards.
There is a stone staircase leading up here.
The orc wizard mumbles some strange words.
The orc wizard flickers and vanishes!
Deactivating autopickup; reactivate with Ctrl-A.
Casting: Beastly Appendage (safe; 5% risk of failure)
Confirm with . or Enter, or press ? or * to list all spells.
One of your tentacles grows a vicious spike.
Something tries to affect you, but you resist.
Casting: Beastly Appendage (safe; 5% risk of failure)
Confirm with . or Enter, or press ? or * to list all spells.
Your blood is infused with primal strength.
A puff of flame appears from out of thin air!
The puff of flame hits you!
The orc priest hits you with a +0 dagger.
You hit the orc priest. You grab the orc priest.
Your tentacle spike misses the orc priest.
The orc priest is heavily wounded.
You constrict the orc priest.
The orc priest hits you with a +0 dagger.
You hit the orc priest.
You pierce the orc priest.
You feel a bit better.
You kill the orc priest!
You barely miss the ogre.
You pierce the ogre.
The ogre is lightly wounded.
The ogre closely misses you.
You hit the ogre.
You pierce the ogre, but do no damage.
You squeeze the ogre, but do no damage.
The ogre is lightly wounded.
The orc completely misses you. Something barely misses you.
The ogre hits you with a +0 giant club!!
Ouch! That really hurt!
* * * LOW HITPOINT WARNING * * *
It was a potion of degeneration.
There was something very wrong with that liquid.
You feel weakened.
You feel dopey.
You feel clumsy.
Your transformation is almost over.
The orc hits you with a +0 dagger.
You die...

.# #.. #.## ... ...#
... ... #.# ..####
#..###.....
#.##...#..####..##.....
#......@o.#...........#
..####O##..............
#.<...............
###.O.............
.........g.....
...............
)......<)......
#..............
#..............


You could see an ogre and an orc.

Vanquished Creatures
  An orc priest (D:4)
  Jessica (D:3)
  Natasha (thrice) (D:2)
  Terence (D:3)
  5 adders
  2 worms (D:3)
  2 dart slugs
  3 ball pythons
  3 endoplasms
  4 giant cockroaches
  5 goblins
  7 hobgoblins
  2 quokkas (D:3)
  7 bats
  2 frilled lizards
  6 kobolds
  4 rats
58 creatures vanquished.

Notes
Turn   | Place    | Note
-------+----------+-------------------------------------------
     0 | D:1      | croobank the Octopode Transmuter began the quest for the
                  | Orb.
     0 | D:1      | Reached XP level 1. HP: 13/13 MP: 3/3
   300 | D:1      | Reached XP level 2. HP: 12/18 MP: 3/5
   794 | D:1      | Reached XP level 3. HP: 23/23 MP: 6/6
  1185 | D:2      | Noticed Natasha
  1197 | D:2      | Learned a level 2 spell: Wereblood
  1201 | D:2      | Killed Natasha
  1202 | D:2      | Reached skill level 1 in Long Blades
  1202 | D:2      | Reached XP level 4. HP: 17/28 MP: 1/7
  1218 | D:2      | Noticed Natasha
  1225 | D:2      | Killed Natasha
  1389 | D:2      | Learned a level 1 spell: Summon Small Mammal
  1432 | D:2      | Found a faded altar of an unknown god.
  1432 | D:2      | Noticed Sigmund
  1516 | D:2      | Noticed Natasha
  1528 | D:2      | Killed Natasha
  1529 | D:2      | Reached XP level 5. HP: 21/33 MP: 5/8
  2294 | D:3      | Noticed sirJeffrey23's ghost (amateur DsGl)
  2295 | D:3      | Found a runed translucent gate.
  2295 | D:3      | Found a runed translucent gate.
  2295 | D:3      | Found a runed translucent gate.
  2295 | D:3      | Noticed a kobold brigand
  2395 | D:3      | Noticed Terence
  2401 | D:3      | Killed Terence
  2402 | D:3      | Reached skill level 1 in Stealth
  2668 | D:3      | Noticed Jessica
  2677 | D:3      | Killed Jessica
  3163 | D:3      | Reached XP level 6. HP: 20/38 MP: 8/10
  3759 | D:4      | Slain by an orc

Illustrated notes

Levels and vault maps discovered:
D:1:      zaba_arrival_water, layout_basic
D:2:      layout_rooms, basic_ecumenical_altar, uniq_sigmund, uniq_natasha
D:3:      mumra_celtic_spiral_tile, layout_loops_ring,
          gammafunk_ghost_nasty_kobolds, uniq_terence, uniq_jessica
D:4:      layout_rooms, minmay_temple_entry_overgrown, chequers_arboretum,
          nicolae_figureground_pulse

Skill      XL: |  1  2  3  4  5 |
---------------+----------------+-----
Long Blades    | 1 2 |  2.8
Transmutations | 3 |  3.2
Stealth        | 2 |  2.3
Spellcasting   | 3 |  3.0
Fighting       | |  1.4
Dodging        | |  2.6
Unarmed Combat | |  3.5

Action                   |  1- 3 |  4- 6 || total
-------------------------+-------+-------++-------
Melee: Falchion          |    54 |    67 ||   121
       Constrict         |    23 |    15 ||    38
       Unarmed           |     3 |       ||     3
       Tentacles         |     8 |     8 ||    16
       Kick              |     6 |    12 ||    18
       Punch             |     1 |       ||     1
 Cast: Beastly Appendage |    13 |    16 ||    29
       Wereblood         |       |     3 ||     3
  Use: Potion            |       |     3 ||     3
       Scroll            |       |     3 ||     3
 Stab: Sleeping          |     2 |     7 ||     9
Armor: Skin              |    10 |    19 ||    29
Dodge: Dodged            |    41 |    47 ||    88

Table legend: (Time is in decaauts)
 A = Elapsed time spent in this place.
 B = Non-inter-level travel time spent in this place.
 C = Inter-level travel time spent in this place.
 D = Time resting spent in this place.
 E = Time spent auto-exploring this place.
 F = Levels seen in this place.
 G = Mean time per level.
                   A        B        C        D        E       F      G
               +--------+--------+--------+--------+--------+-----+--------+
         Total |   3800 |   3616 |    184 |    865 |   1870 |   4 |  950.0 |
       Dungeon |   3800 |   3616 |    184 |    865 |   1870 |   4 |  950.0 |
               +--------+--------+--------+--------+--------+-----+--------+

Top non-repeatable levels by time:
     D:3: 1821 daAuts
     D:1: 1008 daAuts
     D:2: 956 daAuts
     D:4: 13 daAuts
